 Dungeon Crawl Stone Soup version 0.31-a0-1327-g8c40ea976f (webtiles) character file.

Game seed: 203740553024739410

6856 leij the Cleaver (level 11, -11/97 HPs)
             Began as a Hill Orc Fighter on Dec 21, 2023.
             Was a Follower of Makhleb.
             Mangled by MacCMillion's ghost (13 damage)
             ... on level 8 of the Dungeon.
             The game lasted 00:17:57 (10335 turns).

leij the Cleaver (Hill Orc Fighter)                Turns: 10335, Time: 00:17:58

Health: -11/97     AC: 20    Str: 24    XL:     11   Next: 6%
Magic:  11/11      EV: 13    Int:  8    God:    Makhleb [*.....]
Gold:   424        SH:  5    Dex: 10    Spells: 10/10 levels left

rFire   . . .        a - +0 war axe
rCold   . . .        c - +0 buckler
rNeg    . . .        M - +0 plate armour
rPois   .            (no helmet)
rElec   .            L - +0 cloak
rCorr   .            (no gloves)
SInv    .            E - +0 pair of boots
Will    .....        (no amulet) Stlth
                     f - +5 ring of evasion
HPRegen 0.36/turn    U - +4 ring of protection
MPRegen 0.12/turn

%: no passive effects
@: about to teleport
A: no striking features
a: Renounce Religion


You were on level 8 of the Dungeon.
You worshipped Makhleb.
Makhleb was aware of your devotion.
You visited 2 branches of the dungeon, and saw 9 of its levels.
You also visited: Ossuary and Bailey.

You collected 574 gold pieces.
You spent 150 gold pieces at shops.

Inventory:

Hand Weapons
 a - a +0 war axe (weapon)
Missiles
 J - a throwing net
Armour
 b - a +0 scale mail
 c - a +0 buckler (worn)
 E - a +0 pair of boots (worn)
 L - a +0 cloak (worn)
 M - a +0 plate armour (worn)
Jewellery
 f - a +5 ring of evasion (left hand)
 t - a +6 ring of dexterity
 u - a ring of fire
 B - a ring of resist corrosion
 I - the ring "Ossull" {Fire Int+6}
   (You found it on level 6 of the Dungeon)

   [ring of fire]

   Fire:      It enhances your fire magic.
   Int+6:     It affects your intelligence (+6).
   rF+:       It protects you from fire.
   rC-:       It makes you vulnerable to cold.
 O - an amulet of the acrobat
 U - a +4 ring of protection (right hand)
Wands
 k - a wand of mindburst (28) (quivered)
 w - a wand of digging (6)
 H - a wand of charming (15)
 P - a wand of light (5)
 S - a wand of iceblast (8)
Scrolls
 e - a scroll of teleportation
 i - a scroll of acquirement {unknown}
 j - a scroll of silence
 o - a scroll of noise
 q - a scroll of brand weapon
 v - 2 scrolls of poison
 y - 3 scrolls of fog
 A - a scroll of torment {unknown}
 C - 3 scrolls of blinking {unknown}
 K - 2 scrolls of enchant armour
 N - 2 scrolls of enchant weapon
 T - a scroll of immolation {unknown}
Potions
 d - 5 potions of might
 g - 3 potions of brilliance {unknown}
 h - 3 potions of lignification
 l - 4 potions of magic {unknown}
 m - 10 potions of heal wounds {unknown}
 n - 2 potions of berserk rage {unknown}
 p - 2 potions of mutation {unknown}
 r - 3 potions of curing {unknown}
 s - 2 potions of ambrosia {unknown}
 x - a potion of invisibility {unknown}
 z - 2 potions of attraction {unknown}
 D - 2 potions of haste {unknown}
 F - 4 potions of cancellation {unknown}
 G - a potion of enlightenment {unknown}
 Q - a potion of resistance {unknown}
 R - a potion of experience {unknown}


   Skills:
 + Level 9.5 Fighting
 + Level 14.5 Axes
 + Level 8.3 Armour
 + Level 3.8 Dodging
 + Level 0.4 Stealth
 + Level 6.4 Shields


You had 10 spell levels left.
You didn't know any spells.
Your spell library contained the following spells:

 Spells                   Type           Power      Damage    Failure   Level
 Apportation              Tloc           0%         N/A       100%        1
 Freeze                   Ice            0%         1d3       100%        1
 Necrotise                Necr           0%         1d4       100%        1
 Sandblast                Erth           0%         2d4       100%        1
 Sting                    Conj/Alch      0%         1d3       100%        1
 Summon Small Mammal      Summ           0%         N/A       100%        1
 Call Imp                 Summ           0%         N/A       100%        2
 Ensorcelled Hibernation  Hex/Ice        0%         N/A       100%        2
 Passwall                 Alch/Erth      0%         N/A       100%        2
 Sublimation of Blood     Necr           0%         N/A       100%        2
 Frozen Ramparts          Ice            0%         1d1       100%        3
 Fugue of the Fallen      Necr           0%         N/A       100%        3
 Hailstorm                Conj/Ice       0%         3d5       100%        3
 Stone Arrow              Conj/Erth      0%         3d7       100%        3
 Anguish                  Hex/Necr       0%         N/A       100%        4
 Brom's Barrelling Bould  Conj/Erth      0%         2d3       100%        4
 Summon Hydra             Summ           0%         N/A       100%        7


Dungeon Overview and Level Annotations

Branches:
Dungeon (8/15)             Temple (1/1) D:6            Lair (0/5) D:8
Ossuary (visited)          Bailey (visited)

Altars:
Ashenzari
Cheibriados
Dithmenos
Elyvilon
Fedhas
Gozag
Hepliaklqana
Kikubaaqudgha
Makhleb
Nemelex Xobeh
Okawaru
Qazlal
Ru
Sif Muna
Trog
Uskayaw
Vehumet
Xom
Yredelemnul
Zin
The Shining One

Shops:
D:5 [   D:7 !*?

Annotations:
D:8 MacCMillion's ghost, novice MiFi


Message History

You hit MacCMillion's ghost but do no damage.
MacCMillion's ghost is lightly damaged.
MacCMillion's ghost misses you.
The spriggan hits you but does no damage.
Cleave: a) +0 war axe
Press: ? - help, Dir - move target, f/p - MacCMillion's ghost
Aim: MacCMillion's ghost (lightly damaged, about 24% to evade your +0 war axe)
You hit MacCMillion's ghost.
MacCMillion's ghost is lightly damaged.
Unknown command.
Cleave: a) +0 war axe
Press: ? - help, Dir - move target, f/p - MacCMillion's ghost
Aim: MacCMillion's ghost (lightly damaged, about 24% to evade your +0 war axe)
You hit MacCMillion's ghost but do no damage.
MacCMillion's ghost is lightly damaged.
MacCMillion's ghost hits you!
* * * LOW HITPOINT WARNING * * *
The spriggan hits you but does no damage.
Aiming: Mindburst
Press: ? - help, Q - select action, (/) - cycle Shift-Dir - straight line, p - MacCMillion's ghost
Okay, then.
There are monsters nearby!
Okay, then.
As you read the scroll of teleportation, it crumbles to dust.
You feel strangely unstable. MacCMillion's ghost hits you!
* * * LOW HITPOINT WARNING * * *
The spriggan barely misses you.
Cleave: a) +0 war axe
Press: ? - help, Dir - move target, f/p - MacCMillion's ghost
Aim: MacCMillion's ghost (lightly damaged, about 24% to evade your +0 war axe)
You hit MacCMillion's ghost but do no damage.
MacCMillion's ghost is lightly damaged.
You block MacCMillion's ghost's attack. The spriggan misses you.
Cleave: a) +0 war axe
Press: ? - help, Dir - move target, f/p - MacCMillion's ghost
Aim: MacCMillion's ghost (lightly damaged, about 24% to evade your +0 war axe)
You hit MacCMillion's ghost but do no damage.
MacCMillion's ghost is lightly damaged.
MacCMillion's ghost hits you!
You die...

##.############............#
#.........................#
#################..........######
.......# ♣♣♣#................
####.#.# ♣♣♣.$#................
##b....# ♣♣♣..♣##................
##.#...# ♣.....#⌠................
...#.#.# ♣...♣.#.......#'#.......
_..#.#.# ♣.♣!♣♣W@..###.#.#.......
...#.#.# ♣.♣!ii#..## #<#.#.......
##.#.#.# ♣.....#⌠.####.#.#.......
##.#.#.# ♣♣.♣..##......#.#.......
##.#.#.###♣ ♣♣..#.####.#.#.......
##.#.....####♣♣♣#.# #.#.#.......
...#.#.#..#.### #.# #.#.#.......
######.#..#.#.# #.# #.#.#.######
..........#.#.###.# #.#.#.......


You could see 2 spriggans and MacCMillion's ghost.

Vanquished Creatures
  The ghost of ongoing the Fighter, a novice OnCK of Xom (D:6)
  An orc knight (Bailey)
  Maurice (D:7)
  An unseen horror (D:8)
  A polar bear (D:8)
  Grinder (D:3)
  A wyvern (D:8)
  3 basilisks (D:8)
  A steam dragon (D:8)
  5 yaks (D:8)
  3 vampire mosquitoes (D:6)
  3 water moccasins
  3 orc warriors
  6 ice beasts
  A sky beast (D:7)
  An ogre (D:6)
  A phantom (D:6)
  3 bullfrogs
  4 elf zombies (Ossuary)
  A scorpion (D:5)
  A howler monkey (D:5)
  5 centaur zombies (Ossuary)
  3 human zombies (Ossuary)
  6 orc priests
  A water moccasin simulacrum (D:6)
  3 hounds
  A jelly (D:6)
  A sleepcap (D:5)
  An iguana (D:6)
  6 orc wizards
  2 bullfrog simulacra (D:6)
  3 mummies (Ossuary)
  12 gnolls
  5 adders
  2 shadow imps
  A howler monkey simulacrum (D:6)
  2 white imps
  A worm (D:4)
  2 dart slugs
  40 orcs
  9 ball pythons
  5 bats
  9 endoplasms
  4 giant cockroaches
  11 hobgoblins
  8 kobolds
  2 quokkas
  3 frilled lizards
  12 goblins
  8 rats
211 creatures vanquished.

Vanquished Creatures (others)
  An orc wizard (D:5)
1 creature vanquished.

Grand Total: 212 creatures vanquished

Notes
Turn   | Place    | Note
-------+----------+-------------------------------------------
     0 | D:1      | leij the Hill Orc Fighter began the quest for the Orb.
     0 | D:1      | Reached XP level 1. HP: 19/19 MP: 1/1
   135 | D:1      | Reached XP level 2. HP: 23/27 MP: 2/2
   250 | D:1      | Reached skill level 3 in Axes
   538 | D:1      | Reached XP level 3. HP: 27/33 MP: 3/3
   863 | D:2      | Found a sacrificial altar of Ru.
  1041 | D:2      | Identified the +6 kite shield "Naxusm" {rF+ rC+}
  1428 | D:2      | Reached skill level 4 in Axes
  1429 | D:2      | Reached XP level 4. HP: 40/40 MP: 4/4
  1736 | D:3      | Noticed Grinder
  1746 | D:3      | Paralysed by Grinder for 2 turns
  1749 | D:3      | Killed Grinder
  1750 | D:3      | Reached skill level 6 in Axes
  1750 | D:3      | Reached XP level 5. HP: 17/47 MP: 5/5
  1750 | D:3      | Reached XP level 6. HP: 20/55 MP: 6/6
  2282 | D:4      | Found a glowing silver altar of Zin.
  2375 | D:4      | Reached skill level 5 in Fighting
  2775 | D:4      | Found a basalt altar of Yredelemnul.
  2778 | D:4      | Found a blossoming altar of Fedhas.
  2787 | D:4      | Found a radiant altar of Vehumet.
  2998 | D:4      | Reached skill level 7 in Axes
  2998 | D:4      | Reached XP level 7. HP: 61/61 MP: 7/7
  3202 | D:5      | Entered Level 5 of the Dungeon
  3237 | D:5      | Reached skill level 5 in Armour
  3439 | D:5      | Reached skill level 1 in Dodging
  3628 | D:5      | Found Zeifoduoci's Armour Shop.
  3747 | D:5      | Found a sand-covered staircase.
  3756 | Ossuary  | Entered an ossuary
  3771 | Ossuary  | Reached skill level 8 in Axes
  3779 | Ossuary  | Reached XP level 8. HP: 54/69 MP: 8/8
  3868 | Ossuary  | Reached skill level 9 in Axes
  4241 | D:5      | Reached skill level 10 in Axes
  4454 | D:6      | Noticed ongoing's ghost (novice OnCK)
  4484 | D:6      | Found a runed translucent gate.
  4484 | D:6      | Found a runed translucent gate.
  4484 | D:6      | Found a runed translucent gate.
  4558 | D:6      | Reached XP level 9. HP: 46/78 MP: 9/9
  4739 | D:6      | Reached skill level 11 in Axes
  4924 | D:6      | Reached skill level 5 in Shields
  4989 | D:6      | Found a staircase to the Ecumenical Temple.
  5001 | Temple   | Entered the Ecumenical Temple
  5030 | Temple   | Became a worshipper of Makhleb the Destroyer
  5143 | D:6      | Reached skill level 12 in Axes
  5791 | D:6      | Killed ongoing's ghost
  5802 | D:6      | Reached XP level 10. HP: 70/88 MP: 10/10
  5877 | D:6      | Got the ring "Ossull" {Fire Int+6}
  6146 | D:7      | Noticed Maurice
  6310 | D:7      | Maurice stole a ring of resist corrosion
  6408 | D:7      | Maurice stole 2 throwing nets
  6412 | D:7      | Something stole 100 gold
  6731 | D:7      | Maurice stole a throwing net
  6738 | D:7      | Something stole 146 gold
  6739 | D:7      | Something stole 136 gold
  6989 | D:7      | Killed Maurice
  6990 | D:7      | Reached skill level 13 in Axes
  7146 | D:7      | Found Haiwezul's Distillery.
  7831 | D:7      | Found Vabraip's Assorted Antiques.
  7866 | D:7      | Found Emekhixzafec's Magic Scroll Shoppe.
  7872 | D:7      | Bought a scroll of enchant weapon for 75 gold pieces
  7872 | D:7      | Bought a scroll of enchant weapon for 75 gold pieces
  7902 | D:8      | Found a runed translucent door.
  7920 | D:8      | Noticed MacCMillion's ghost (novice MiFi)
  7922 | D:8      | Identified the +3 trident of Capital Punishment {heavy,
                  | Dex+4}
  7977 | D:8      | Reached * piety under Makhleb
  8149 | D:8      | Found a flagged portal.
  8166 | Bailey   | Entered a bailey
  8384 | Bailey   | Noticed an orc knight
  8417 | Bailey   | Killed an orc knight
  8926 | D:8      | Reached skill level 14 in Axes
  8959 | D:8      | Found an opulent altar of Gozag.
  9128 | D:8      | Found a shimmering altar of Xom.
  9674 | D:8      | Found a staircase to the Lair.
  9923 | D:8      | Killed an unseen horror
  9924 | D:8      | Reached XP level 11. HP: 91/97 MP: 11/11
 10333 | D:8      | HP: 1/97 [MacCMillion's ghost (14)]
 10335 | D:8      | Mangled by MacCMillion's ghost

Illustrated notes

Levels and vault maps discovered:
D:1:      ncdulo_lavacross, layout_loops_cross, minmay_tetromino_s2
D:2:      kennysheep_the_goblin_king, layout_basic, basic_altar,
          minmay_quantized
D:3:      layout_loops_cross, uniq_grinder
D:4:      layout_loops_corners, nicolae_overflow_macrodata_refinement
D:5:      layout_loops_ring, lightli_ossuary_entry_decrepit_ruins, serial_shops,
          nicolae_shop_behind_doors
D:6:      layout_loops_ring, minmay_temple_entry_glassed_door,
          gammafunk_ghost_icy
D:7:      layout_rooms, serial_shops, nicolae_shop_peninsula,
          nicolae_lakefront_shop, nicolae_shop_tiny_waterfront, abandoned_shop,
          kennysheep_generic_room_15, uniq_maurice
D:8:      layout_basic, xom_butterflies, lemuel_tele_altar, erik_lair_dragon,
          ebering_ghost_funeral_grove, enter_bailey_2
Temple:   regret_index_temple_waves

Skill      XL: |  1  2  3  4  5  6  7  8  9 10 |
---------------+-------------------------------+-----
Axes           | 3 4 6 7 8 10 12 14 | 14.5
Armour         | 4 5 6 7 8 |  8.3
Fighting       | 4 5 6 8 9 |  9.5
Shields        | 4 5 6 |  6.4
Dodging        | 1 2 3 |  3.8
Stealth        | |  0.4

Action                     |  1- 3 |  4- 6 |  7- 9 | 10-12 || total
---------------------------+-------+-------+-------+-------++-------
  Melee: War axe           |   118 |   105 |   318 |   338 ||   879
    Use: Scroll            |       |     3 |     3 |     2 ||     8
 Armour: Scale mail        |    62 |    41 |   186 |    56 ||   345
         Plate armour      |       |       |       |   158 ||   158
  Dodge: Dodged            |    64 |    55 |   197 |   172 ||   488
  Block: Buckler           |    30 |    24 |    69 |    71 ||   194

Table legend: (Time is in decaauts)
 A = Elapsed time spent in this place.
 B = Non-inter-level travel time spent in this place.
 C = Inter-level travel time spent in this place.
 D = Time resting spent in this place.
 E = Time spent auto-exploring this place.
 F = Levels seen in this place.
 G = Mean time per level.
                   A        B        C        D        E       F      G
               +--------+--------+--------+--------+--------+-----+--------+
         Total |  10365 |   9792 |    573 |   2409 |   5652 |  11 |  942.3 |
       Dungeon |   9381 |   8855 |    526 |   2232 |   5154 |   8 | 1172.6 |
        Temple |     50 |      3 |     47 |      0 |      0 |   1 |   50.0 |
       Ossuary |    407 |    407 |      0 |    177 |    110 |   1 |  407.0 |
        Bailey |    525 |    525 |      0 |      0 |    388 |   1 |  525.0 |
               +--------+--------+--------+--------+--------+-----+--------+

Top non-repeatable levels by time:
     D:6: 2165 daAuts
     D:8: 1874 daAuts
     D:7: 1231 daAuts
     D:4: 932 daAuts
     D:1: 879 daAuts
     D:5: 842 daAuts
     D:3: 832 daAuts
     D:2: 622 daAuts
  Bailey: 525 daAuts
 Ossuary: 407 daAuts
  Temple: 50 daAuts
